 Dungeon Crawl Stone Soup version 0.23-a0-171-g5ae17c6e89 (webtiles) character file.

682 nataq the Skirmisher (level 7, -5/56 HPs)
             Began as a Demonspawn Fighter on Sept 13, 2018.
             Killed from afar by an orc wizard (7 damage)
             ... with a magic dart
             ... on level 4 of the Dungeon.
             The game lasted 00:05:46 (2957 turns).

nataq the Skirmisher (Demonspawn Fighter)           Turns: 2957, Time: 00:05:47

Health: -5/56      AC: 12    Str: 21 (23) XL:     7   Next: 34%
Magic:  7/7        EV: 11    Int:  9      God:
Gold:   160        SH:  0    Dex: 13      Spells: 6/6 levels left

rFire    + . .     SeeInvis .   a - +0 war axe
rCold    . . .     Gourm    .   (no shield)
rNeg     . . .     Faith    .   b - +0 scale mail
rPois    .         Spirit   .   (helmet restricted)
rElec    .         Reflect  .   (no cloak)
rCorr    .         Harm     .   k - +2 pair of gloves
MR       .....     Rnd*Tele +   (no boots)
Stlth    ..........             (no amulet)
HPRegen  0.18/turn              c - ring of protection from fire
MPRegen  0.10/turn              (no ring)

@: mighty, lethally poisoned (-5 -> -20)
A: hooves 2, horns 1, slimy green scales 1, demonic guardian 1, powered by pain
1, teleportitis 1
a: no special abilities


You were on level 4 of the Dungeon.
You were not hungry.

You visited 1 branch of the dungeon, and saw 4 of its levels.

You collected 160 gold pieces.

Inventory:

Hand Weapons
 a - a +0 war axe (weapon)
Armour
 b - a +0 scale mail (worn)
 k - a +2 pair of gloves (worn)
Jewellery
 c - a ring of protection from fire (left hand)
Scrolls
 d - a scroll of magic mapping
 e - a scroll of identify {@r1}
 h - a scroll of remove curse {@r2}
 i - a scroll of amnesia
Comestibles
 f - 8 rations
 g - 11 chunks of flesh


   Skills:
 + Level 5.0 Fighting
 + Level 4.0 Axes
 + Level 4.5 Armour
 + Level 3.4 Dodging
   Level 2.6 Shields


You had 6 spell levels left.
You didn't know any spells.
Your spell library was empty.

Dungeon Overview and Level Annotations

Branches:
Dungeon (4/15)
 Temple: D:4-7

Altars:
Fedhas


Innate Abilities, Weirdness & Mutations

You have hoof-like feet.
You are partially covered in slimy green scales. (AC +2)
A weak demonic guardian rushes to your aid.
You sometimes gain a little power by taking damage.
You have a pair of small horns on your head.
You are occasionally teleported next to monsters.


Message History

You feel sick.
Your iron imp hits the orc.
The orc dies!
The orc wizard gestures at you while chanting.
The magic dart hits you!
* * * LOW HITPOINT WARNING * * *
You take 3 damage, and have 5/56 hp.
* * * LOW HITPOINT WARNING * * *
You feel sick.
The orc wizard hits you but does no damage.
Your iron imp closely misses the orc wizard.
Things that are here:
a flail; a dagger of venom; a robe You take 1 damage, and have 4/56 hp.
You slash the orc wizard! Your headbutt misses the orc wizard.
The orc wizard is severely wounded.
* * * LOW HITPOINT WARNING * * *
You feel sick. The orc wizard closely misses you.
The orc wizard points at you and mumbles some strange words.
The magic dart hits you!
You die...

#.............
#####.............
#.................
#.................
##..8..............
#......############
#......#
#.##################..
#.#######.(5@o.)......
#...........5)()......
####.........()†......
#..................
#..8..(............
#.................§
#........######....
##....#### .... #...##
...


You could see an orc wizard, a friendly iron imp and a friendly ufetubus.

Vanquished Creatures
  Sigmund (D:2)
  A bullfrog zombie (D:4)
  An orc priest (D:4)
  2 orc wizards (D:4)
  Natasha (twice) (D:3)
  A worker ant (D:4)
  Robin (D:3)
  A worker ant zombie (D:4)
  7 adders
  4 worms
  3 dart slugs
  A leopard gecko (D:1)
  15 orcs
  6 giant cockroaches
  15 goblins
  8 hobgoblins
  10 jackals
  A quokka (D:2)
  5 ball pythons
  8 bats
  2 frilled lizards
  A giant cockroach zombie (D:4)
  7 kobolds
  7 rats
110 creatures vanquished.

Vanquished Creatures (collateral kills)
  A scorpion (D:4)
  2 worker ants (D:4)
  Natasha (D:3)
  2 worker ant zombies (D:4)
  2 adder zombies (D:4)
  2 orcs
  A kobold (D:3)
11 creatures vanquished.

Grand Total: 121 creatures vanquished

Notes
Turn   | Place    | Note
-------+----------+-------------------------------------------
     0 | D:1      | nataq the Demonspawn Fighter began the quest for the Orb.
     0 | D:1      | Reached XP level 1. HP: 18/18 MP: 1/1
   181 | D:1      | Gained mutation: You have large cloven feet. [demonic
                  | ancestry]
   181 | D:1      | Reached XP level 2. HP: 21/24 MP: 2/2
   761 | D:1      | Gained mutation: You have a pair of small horns on your
                  | head. [potion of mutation]
   761 | D:1      | Gained mutation: You tend to lose your temper in combat.
                  | [potion of mutation]
   761 | D:1      | Gained mutation: You are occasionally teleported next to
                  | monsters. [potion of mutation]
   761 | D:1      | Lost mutation: You tend to lose your temper in combat.
                  | [potion of mutation]
   894 | D:2      | Reached skill level 1 in Dodging
   907 | D:2      | Reached XP level 3. HP: 28/29 MP: 3/3
   991 | D:2      | HP: 1/29 [worm (9)]
  1316 | D:2      | Gained mutation: You have hoof-like feet. [demonic
                  | ancestry]
  1316 | D:2      | Reached XP level 4. HP: 35/35 MP: 4/4
  1371 | D:2      | Noticed Sigmund
  1383 | D:2      | Killed Sigmund
  1383 | D:2      | Reached skill level 4 in Fighting
  1383 | D:2      | Gained mutation: A weak demonic guardian rushes to your
                  | aid. [demonic ancestry]
  1383 | D:2      | Reached XP level 5. HP: 42/42 MP: 5/5
  1586 | D:2      | Found a blossoming altar of Fedhas.
  1763 | D:3      | Noticed Natasha
  1772 | D:3      | Killed Natasha
  1772 | D:3      | Gained mutation: You sometimes gain a little power by
                  | taking damage. [demonic ancestry]
  1772 | D:3      | Reached XP level 6. HP: 24/48 MP: 6/6
  1996 | D:3      | Noticed Robin
  2021 | D:3      | Killed Robin
  2036 | D:3      | Noticed Natasha
  2339 | D:3      | Killed Natasha
  2457 | D:3      | Noticed Natasha
  2475 | D:3      | Killed Natasha
  2881 | D:4      | Gained mutation: You are partially covered in slimy green
                  | scales. (AC +2) [demonic ancestry]
  2881 | D:4      | Reached XP level 7. HP: 55/55 MP: 7/7
  2955 | D:4      | Reached skill level 5 in Fighting
  2957 | D:4      | HP: 2/56 [poisoned by an orc wizard]
  2957 | D:4      | Killed from afar by an orc wizard

Vault maps used:
D:1:      dpeg_arrival_refuge, serial_forest, infiniplex_forest_straight_5,
          infiniplex_forest_lined_corner, infiniplex_forest_straight_5,
          infiniplex_forest_clump_curved, infiniplex_forest_clump_long,
          infiniplex_forest_straight_3, minmay_misc_feat_cross
D:2:      marbit_many_paths, first_ration, hangedman_decor_push, st_stairs_12,
          minmay_pentomino_x4, uniq_sigmund
D:3:      uniq_robin, uniq_natasha
D:4:      serial_undead, serial_undead_d, serial_undead_b, serial_undead_f,
          serial_undead_d, serial_undead_e, serial_undead_c, serial_undead_a,
          serial_undead_a, fedhas_altar_2

Skill      XL: |  1  2  3  4  5  6  7 |
---------------+----------------------+-----
Axes           | 2 3 4 |  4.0
Armour         | 3 4 |  4.5
Dodging        | 1 2 3 |  3.4
Fighting       | 4 5 |  5.0
Shields        | |  2.6

Action                   |  1- 3 |  4- 6 |  7- 9 || total
-------------------------+-------+-------+-------++-------
Melee: War axe           |    92 |   145 |    36 ||   273
       Kick              |    13 |    23 |     3 ||    39
       Headbutt          |     2 |    18 |    11 ||    31
  Use: Potion            |     4 |     4 |     1 ||     9
       Scroll            |     4 |     1 |       ||     5
 Stab: Distracted        |       |       |     1 ||     1
  Eat: Chunk             |     1 |     6 |       ||     7
Armor: Scale mail        |    61 |    68 |    45 ||   174
       Skin              |       |     5 |       ||     5
Dodge: Dodged            |    51 |   105 |    55 ||   211

Table legend:
 A = Non-vault XP
 B = Vault XP
 C = Vault XP percentage of total XP
 D = Non-vault monster count
 E = Vault monster count
 F = Vault count percentage of total count
                 A         B        C        D         E       F
            +---------+---------+-------+---------+---------+-------
      Total |     576 |     399 |  40.9 |      96 |      25 |  20.7
            +---------+---------+-------+---------+---------+-------
        D:1 |      37 |       0 |   0.0 |      22 |       0 |   0.0
        D:2 |      82 |     237 |  74.3 |      20 |       5 |  20.0
        D:3 |     154 |      71 |  31.6 |      32 |      13 |  28.9
        D:4 |     303 |      91 |  23.1 |      22 |       7 |  24.1
            +---------+---------+-------+---------+---------+-------
